BLB
WASHINGTON BATS @ NEW YORK CYCLONES
03/12/2060
 
TOP OF THE 1ST
Washington Bats batting - Pitching for New York Cyclones : LHP Parker Lord
Pitching: LHP Parker Lord
Batting: RHB Owen Dooley 0-0: Ball
1-0: Ball
2-0: Ball
3-0: Called Strike
3-1: Foul Ball, location: 2F
3-2: Foul Ball, location: 2F
3-2: SINGLE (Groundball, 6MS, EV 67.5 MPH) (infield hit)
Batting: SHB Detwon Ayala 0-0: Ball
1-0: Called Strike
1-1: Called Strike
Owen Dooley steals 2nd, throwing error, E2
Owen Dooley to third
1-2: Ball
2-2: DOUBLE (Line Drive, 5D, EV 94.4 MPH)
Owen Dooley scores
Batting: RHB Hayden Jones 0-0: DOUBLE (Flyball, 8LXD, EV 104.4 MPH)
Detwon Ayala scores
Batting: RHB Derek Engledow 0-0: Swinging Strike
0-1: Ball
1-1: Fly out, F8 (Flyball, 8RD, EV 103.8 MPH)
Batting: RHB Zechariah Norkus 0-0: Ball
1-0: Ball
2-0: Ball
3-0: Called Strike
3-1: Foul Ball, location: 2F
3-2: Base on Balls
Batting: RHB Jeremy Hollabaugh 0-0: Called Strike
0-1: Foul Ball, location: 2F
0-2: Strikes out swinging
Batting: RHB Tommy Dupree 0-0: Ball
1-0: Reached on error, E6 (Groundball, 6, EV 88.1 MPH)
Hayden Jones to third
Zechariah Norkus to second
Batting: LHB Evan Wilson 0-0: Called Strike
0-1: Foul Ball, location: 2F
0-2: Foul Ball, location: 2F
0-2: Strikes out swinging
Top of the 1st over - 2 runs, 3 hits, 2 errors, 3 left on base; Washington 2 - New York 0
BOTTOM OF THE 1ST
New York Cyclones batting - Pitching for Washington Bats : RHP Collin Jackson
Pitching: RHP Collin Jackson
Batting: RHB Stefan Jamroz 0-0: Called Strike
0-1: Ball
1-1: Ball
2-1: SINGLE (Groundball, 56S, EV 68.1 MPH) (infield hit)
Batting: RHB Kaniel Martinez 0-0: Ball
Stefan Jamroz steals 2nd base
1-0: Swinging Strike
1-1: Foul Ball, location: 2F
1-2: Ball
2-2: Foul Ball, location: 2F
2-2: Ball
3-2: Base on Balls
Batting: RHB Jarrett Evans 0-0: Ball
Kaniel Martinez steals 2nd base
Stefan Jamroz steals 3rd base
1-0: Foul Ball, location: 2F
1-1: 3-RUN HOME RUN (Flyball, 78XD, EV 110.6 MPH), Distance : 411 ft
Batting: RHB Fred Etheridge 0-0: Ball
1-0: Foul Ball, location: 2F
1-1: Ball
2-1: Swinging Strike
2-2: Foul Ball, location: 2F
2-2: Ground out 4-3 (Groundball, 4M, EV 81.9 MPH)
Batting: LHB Jim Mjima 0-0: Called Strike
0-1: DOUBLE (Line Drive, 9LM, EV 93.8 MPH)
Batting: RHB Pat Duke 0-0: Swinging Strike
0-1: Called Strike
0-2: Foul Ball, location: 2F
0-2: Ball
1-2: Ball
2-2: Strikes out swinging
Batting: RHB Nathaniel Vogel 0-0: Called Strike
0-1: Ground out 6-3 (Groundball, 6, EV 89.4 MPH)
Bottom of the 1st over - 3 runs, 3 hits, 0 errors, 1 left on base; Washington 2 - New York 3
TOP OF THE 2ND
Washington Bats batting - Pitching for New York Cyclones : LHP Parker Lord
Batting: LHB Joel Bell 0-0: Fly out, F8 (Flyball, 8RD, EV 95.0 MPH)
Batting: RHB Owen Dooley 0-0: Called Strike
0-1: Ball
1-1: DOUBLE (Line Drive, 7LM, EV 92.5 MPH)
Batting: SHB Detwon Ayala 0-0: Ball
1-0: Called Strike
1-1: Swinging Strike
1-2: Foul Ball, location: 2F
1-2: Foul Ball, location: 2F
1-2: Ball
2-2: Ball
3-2: SINGLE (Groundball, 56S, EV 72.5 MPH) (infield hit)
Owen Dooley to third
Batting: RHB Hayden Jones 0-0: Ball
1-0: Called Strike
1-1: Ball
2-1: Ball
3-1: Grounds into double play, 5-4-3 (Groundball, 56, EV 83.8 MPH)
Top of the 2nd over - 0 runs, 2 hits, 0 errors, 1 left on base; Washington 2 - New York 3
BOTTOM OF THE 2ND
New York Cyclones batting - Pitching for Washington Bats : RHP Collin Jackson
Batting: RHB Seth Benatar 0-0: Ball
1-0: SINGLE (Flyball, 78S, EV 90.6 MPH)
Batting: LHB Chase Barkow 0-0: Called Strike
0-1: Fly out, F2 (Popup, 23F, EV 87.5 MPH)
Batting: RHB Stefan Jamroz 0-0: Ball
1-0: Ball
2-0: Called Strike
2-1: SINGLE (Flyball, 5D, EV 95.0 MPH)
Seth Benatar to second
Batting: RHB Kaniel Martinez 0-0: SINGLE (Line Drive, 8RS, EV 111.2 MPH)
Seth Benatar to third
Stefan Jamroz to second
Batting: RHB Jarrett Evans 0-0: Foul Ball, location: 2F
0-1: Fielders Choice at 2nd, 3-6 (Groundball, 3, EV 99.4 MPH)
Seth Benatar scores
Stefan Jamroz to third
Batting: RHB Fred Etheridge 0-0: Ball
1-0: Called Strike
1-1: Fielders Choice at 2nd, 5-4 (Groundball, 56, EV 103.1 MPH)
Bottom of the 2nd over - 1 run, 3 hits, 0 errors, 2 left on base; Washington 2 - New York 4
TOP OF THE 3RD
Washington Bats batting - Pitching for New York Cyclones : LHP Parker Lord
Batting: RHB Derek Engledow 0-0: Ball
1-0: Called Strike
1-1: Ball
2-1: Swinging Strike
2-2: Strikes out swinging
Batting: RHB Zechariah Norkus 0-0: Called Strike
0-1: Foul Ball, location: 2F
0-2: Foul Ball, location: 2F
0-2: SOLO HOME RUN (Flyball, 9LD, EV 94.4 MPH), Distance : 344 ft
Batting: RHB Jeremy Hollabaugh 0-0: Called Strike
0-1: Ground out 5-3 (Groundball, 56S, EV 90.0 MPH)
Batting: RHB Tommy Dupree 0-0: Called Strike
0-1: Called Strike
0-2: Strikes out looking
Top of the 3rd over - 1 run, 1 hit, 0 errors, 0 left on base; Washington 3 - New York 4
BOTTOM OF THE 3RD
New York Cyclones batting - Pitching for Washington Bats : RHP Collin Jackson
Batting: LHB Jim Mjima 0-0: Fly out, F8 (Flyball, 8LM, EV 94.4 MPH)
Batting: RHB Pat Duke 0-0: Called Strike
0-1: Foul Ball, location: 2F
0-2: Ball
1-2: Fly out, F6 (Popup, 15S, EV 85.6 MPH)
Batting: RHB Nathaniel Vogel 0-0: Fly out, F9 (Flyball, 9S, EV 84.4 MPH)
Bottom of the 3rd over - 0 runs, 0 hits, 0 errors, 0 left on base; Washington 3 - New York 4
TOP OF THE 4TH
Washington Bats batting - Pitching for New York Cyclones : LHP Parker Lord
Batting: LHB Evan Wilson 0-0: Ground out U3 (Groundball, 3, EV 81.9 MPH)
Batting: LHB Joel Bell 0-0: Called Strike
0-1: Ball
1-1: Foul Ball, location: 2F
1-2: Foul Ball, location: 2F
1-2: Foul Ball, location: 2F
1-2: Strikes out swinging
Batting: RHB Owen Dooley 0-0: Ball
1-0: Ball
2-0: Ball
3-0: Called Strike
3-1: Called Strike
3-2: Fly out, F8 (Flyball, 8RD, EV 103.1 MPH)
Top of the 4th over - 0 runs, 0 hits, 0 errors, 0 left on base; Washington 3 - New York 4
BOTTOM OF THE 4TH
New York Cyclones batting - Pitching for Washington Bats : RHP Collin Jackson
Batting: RHB Seth Benatar 0-0: Ball
1-0: Ball
2-0: Ground out 6-3 (Groundball, 6, EV 110.0 MPH)
Batting: LHB Chase Barkow 0-0: Ground out 4-3 (Groundball, 4D, EV 110.6 MPH)
Batting: RHB Stefan Jamroz 0-0: Ground out 5-3 (Groundball, 56, EV 99.4 MPH)
Bottom of the 4th over - 0 runs, 0 hits, 0 errors, 0 left on base; Washington 3 - New York 4
TOP OF THE 5TH
Washington Bats batting - Pitching for New York Cyclones : LHP Parker Lord
Pitching: LHP Richard Dobson
Now at 1B: Broderick Council
Now at 3B: Sullivan Hazelwood
Now in CF: Danrad Orozco
Batting: SHB Detwon Ayala 0-0: Ball
1-0: Ball
2-0: Called Strike
2-1: SINGLE (Groundball, 6MD, EV 96.9 MPH)
Batting: RHB Hayden Jones 0-0: Called Strike
0-1: Swinging Strike
0-2: Strikes out swinging
Batting: RHB Derek Engledow 0-0: Ball
1-0: SINGLE (Flyball, 9S, EV 98.1 MPH)
Detwon Ayala to second
Runner from 2nd tries for 3rd, SAFE, throw by RF made to third
Pinch Hitting: LHB Del Pripisnov 0-0: Swinging Strike
0-1: Ball
1-1: Called Strike
1-2: Ball
2-2: SINGLE (Line Drive, 4MD, EV 95.6 MPH)
Detwon Ayala scores
Derek Engledow to second
Pinch Hitting: RHB J.C. Creamer 0-0: Ball
1-0: Ball
2-0: Ball
3-0: Called Strike
3-1: Base on Balls
Derek Engledow to third
Del Pripisnov to second
Pinch Hitting: RHB Louis Hockney 0-0: Ball
1-0: Called Strike
1-1: Ball
2-1: Foul Ball, location: 2F
2-2: Strikes out swinging
Pinch Hitting: RHB Ken Daly 0-0: Fly out, F7 (Flyball, 7S, EV 90.6 MPH)
Top of the 5th over - 1 run, 3 hits, 0 errors, 3 left on base; Washington 4 - New York 4
BOTTOM OF THE 5TH
New York Cyclones batting - Pitching for Washington Bats : RHP Collin Jackson
Now at C: Andy Hugo
Now at 1B: Parker Lee
Now at 2B: Del Pripisnov
Now at 3B: J.C. Creamer
Now at SS: Logan Sparks
Now in LF: Josiah White
Now in CF: Barrington Purbacaraka
Now in RF: Raymond Dixon
Batting: RHB Kaniel Martinez 0-0: Called Strike
0-1: Ground out 5-3 (Groundball, 56, EV 90.6 MPH)
Batting: LHB Broderick Council 0-0: Called Strike
0-1: Foul Ball, location: 2F
0-2: Ball
1-2: Ball
2-2: Ball
3-2: Strikes out swinging
Batting: RHB Sullivan Hazelwood 0-0: Ball
1-0: Swinging Strike
1-1: Ground out 5-3 (Groundball, 25, EV 91.9 MPH)
Bottom of the 5th over - 0 runs, 0 hits, 0 errors, 0 left on base; Washington 4 - New York 4
TOP OF THE 6TH
Washington Bats batting - Pitching for New York Cyclones : LHP Richard Dobson
Pitching: LHP J.R. Arnold
Now at SS: Tariq Alston
Batting: RHB Parker Lee 0-0: Foul Ball, location: 2F
0-1: Foul Ball, location: 2F
0-2: Foul Ball, location: 2F
0-2: Ball
1-2: Strikes out looking
Batting: SHB Josiah White 0-0: Ball
1-0: Ball
2-0: Called Strike
2-1: Ball
3-1: Fly out, F7 (Flyball, 7LS, EV 95.0 MPH)
Batting: RHB Raymond Dixon 0-0: Swinging Strike
0-1: Swinging Strike
0-2: Strikes out swinging
Top of the 6th over - 0 runs, 0 hits, 0 errors, 0 left on base; Washington 4 - New York 4
BOTTOM OF THE 6TH
New York Cyclones batting - Pitching for Washington Bats : RHP Collin Jackson
Pitching: RHP Erick York
Batting: RHB Alexander Charter 0-0: Ground out 6-3 (Groundball, 6M, EV 89.4 MPH)
Batting: RHB Pat Duke 0-0: Called Strike
0-1: Foul Ball, location: 2F
0-2: Ball
1-2: Ground out 4-3 (Groundball, 4S, EV 71.2 MPH)
Pinch Hitting: RHB Jerry Critchfield 0-0: Swinging Strike
0-1: Ball
1-1: Foul Ball, location: 2F
1-2: Fly out, F9 (Line Drive, 9, EV 95.0 MPH)
Bottom of the 6th over - 0 runs, 0 hits, 0 errors, 0 left on base; Washington 4 - New York 4
TOP OF THE 7TH
Washington Bats batting - Pitching for New York Cyclones : LHP J.R. Arnold
Pitching: LHP Bryce Leistner
Now in LF: Chase Barkow
Now in RF: Jared Rosewall
Batting: RHB Martin Robbins 0-0: Ball
1-0: Foul Ball, location: 2F
1-1: SOLO HOME RUN (Flyball, 78XD, EV 100.0 MPH), Distance : 429 ft
Batting: LHB Logan Sparks 0-0: Foul Ball, location: 2F
0-1: Ball
1-1: Called Strike
1-2: Foul Ball, location: 2F
1-2: Ball
2-2: Foul Ball, location: 2F
2-2: Fly out, F6 (Popup, 6M, EV 55.0 MPH)
Batting: LHB Del Pripisnov 0-0: Foul Ball, location: 2F
0-1: Swinging Strike
0-2: Foul Ball, location: 2F
0-2: Strikes out swinging
Batting: RHB J.C. Creamer 0-0: Ball
1-0: Called Strike
1-1: Ball
2-1: Ball
3-1: Base on Balls
Batting: RHB Andy Hugo 0-0: Ball
1-0: Swinging Strike
1-1: Foul Ball, location: 2F
1-2: SINGLE (Line Drive, 78S, EV 97.5 MPH)
J.C. Creamer to second
Batting: RHB Barrington Purbacaraka 0-0: Called Strike
0-1: Foul Ball, location: 2F
0-2: Foul Ball, location: 2F
0-2: Strikes out swinging
Top of the 7th over - 1 run, 2 hits, 0 errors, 2 left on base; Washington 5 - New York 4
BOTTOM OF THE 7TH
New York Cyclones batting - Pitching for Washington Bats : RHP Erick York
Batting: RHB Seth Benatar 0-0: Called Strike
0-1: Ball
1-1: Ball
2-1: Foul Ball, location: 2F
2-2: Ball
3-2: SINGLE (Flyball, 56D, EV 87.5 MPH)
Batting: LHB Chase Barkow 0-0: Bunted foul
0-1: Ball
1-1: Ball
2-1: Sac Bunt to 15S - play at second, runner safe!
Batting: RHB Danrad Orozco 0-0: Ball
1-0: Foul Ball, location: 2F
1-1: Ball
2-1: Foul Ball, location: 2F
2-2: Ball
3-2: Foul Ball, location: 2F
3-2: Strikes out looking
Batting: LHB Tariq Alston 0-0: Ball
1-0: Called Strike
1-1: SINGLE (Line Drive, 34D, EV 97.5 MPH)
Seth Benatar to third
Chase Barkow to second
Batting: LHB Broderick Council 0-0: Ball
1-0: Foul Ball, location: 2F
1-1: Called Strike
1-2: Ball
2-2: Ball
3-2: Foul Ball, location: 2F
3-2: Strikes out looking
Batting: RHB Sullivan Hazelwood 0-0: Ball
1-0: Foul Ball, location: 2F
1-1: Called Strike
1-2: Fielders Choice at 2nd, 6-4 (Groundball, 6, EV 80.0 MPH)
Bottom of the 7th over - 0 runs, 2 hits, 0 errors, 3 left on base; Washington 5 - New York 4
TOP OF THE 8TH
Washington Bats batting - Pitching for New York Cyclones : LHP Bryce Leistner
Batting: RHB Parker Lee 0-0: Swinging Strike
0-1: Foul Ball, location: 2F
0-2: Ball
1-2: Ball
2-2: Ball
3-2: Strikes out swinging
Batting: SHB Josiah White 0-0: Swinging Strike
0-1: Swinging Strike
0-2: Strikes out looking
Batting: RHB Raymond Dixon 0-0: Called Strike
0-1: SINGLE (Line Drive, 7S, EV 103.1 MPH)
Batting: RHB Martin Robbins 0-0: SINGLE (Groundball, 56D, EV 97.5 MPH)
Raymond Dixon to second
Throwing error, E7
Raymond Dixon scores
Martin Robbins to second
Pitching: LHP Dawson Hupp
Batting: LHB Logan Sparks 0-0: Ball
1-0: Fly out, F8 (Flyball, 8LD, EV 80.0 MPH)
Top of the 8th over - 1 run, 2 hits, 1 error, 1 left on base; Washington 6 - New York 4
BOTTOM OF THE 8TH
New York Cyclones batting - Pitching for Washington Bats : RHP Erick York
Pitching: RHP J.P. Lovins
Batting: RHB Alexander Charter 0-0: Fly out, F9 (Flyball, 9LD, EV 88.8 MPH)
Batting: RHB Pat Duke 0-0: Swinging Strike
0-1: Called Strike
0-2: Ball
1-2: Strikes out swinging
Batting: LHB Jared Rosewall 0-0: Ball
1-0: Ball
2-0: Called Strike
2-1: Fly out, F8 (Flyball, 8LS, EV 83.1 MPH)
Bottom of the 8th over - 0 runs, 0 hits, 0 errors, 0 left on base; Washington 6 - New York 4
TOP OF THE 9TH
Washington Bats batting - Pitching for New York Cyclones : LHP Dawson Hupp
Pitching: RHP Braden Allen
Batting: LHB Del Pripisnov 0-0: Ball
1-0: Called Strike
1-1: Ball
2-1: Foul Ball, location: 2F
2-2: Strikes out swinging
Pinch Hitting: RHB Neall Rabah 0-0: Ball
1-0: Swinging Strike
1-1: Foul Ball, location: 2F
1-2: Ball
2-2: Strikes out swinging
Batting: RHB Andy Hugo 0-0: Called Strike
0-1: Swinging Strike
0-2: Foul Ball, location: 2F
0-2: Strikes out looking
Top of the 9th over - 0 runs, 0 hits, 0 errors, 0 left on base; Washington 6 - New York 4
BOTTOM OF THE 9TH
New York Cyclones batting - Pitching for Washington Bats : RHP J.P. Lovins
Pitching: RHP Trejean Rüstü
Now at 3B: Neall Rabah
Pinch Hitting: RHB Doug Day 0-0: Called Strike
0-1: Fly out, F7 (Flyball, 7, EV 86.2 MPH)
Batting: LHB Chase Barkow 0-0: Called Strike
0-1: SINGLE (Groundball, 4D, EV 95.0 MPH)
Batting: RHB Danrad Orozco 0-0: Ball
Wild Pitch!
Chase Barkow to second
1-0: Called Strike
1-1: Swinging Strike
1-2: Strikes out swinging
Batting: LHB Tariq Alston 0-0: Ground out U3 (Groundball, 3, EV 90.6 MPH)
Bottom of the 9th over - 0 runs, 1 hit, 0 errors, 1 left on base; Washington 6 - New York 4
Wednesday, April 17th , 2024 - OOTP Baseball 23.10 Build 110